Map: 16-Bit LE

Players

pta

  • Race: Zerg Zerg
  • Spawn Location: 1:00

A.I. 1 (Very Hard) - Winner!

  • Race: Terran Terran
  • Spawn Location: 7:00

VOD

Have the link to the VOD?

Description

Time

  • Played on: April 20, 2019, 3:57 p.m.
  • Length: 11:25
Show
View Real Time Build Order
Export as new Build Order

pta Zerg 

Build Orders: Pool First 

Get SALT Encoding   

  12  0:01  Drone  
  13  0:29  Spawning Pool  
  13  0:33  Extractor  
  13  0:34  Drone x2  
  13  0:42  Overlord  
  13  0:51  Drone  
  14  1:07  Drone  
  15  1:11  Drone  
  15  1:18  Drone  
  17  1:28  Drone  
  18  1:34  Lair  
  18  1:39  Zergling x2  
  19  1:50  Overlord  
  19  2:01  Zergling x2  
  20  2:20  Drone  
  21  2:42  Roach Warren  
  20  2:45  Spine Crawler  
  20  2:47  Spine Crawler  
  20  2:49  Spine Crawler  
  17  3:14  Zergling x2  
  17  3:15  Queen  
  17  3:17  Zergling x2  
  21  3:20  Hatchery  
  21  3:22  Roach  
  21  3:24  Glial Reconstitution  
  22  3:28  Drone  
  25  3:41  Roach  
  27  3:48  Roach  
  27  3:59  Roach  
  29  4:11  Overlord  
  29  4:29  Extractor  
  30  4:31  Roach  
  30  4:33  Roach x3  
  36  4:44  Drone x2  
  38  4:52  Overlord  
  38  4:53  Roach  
  40  5:03  Drone  
  41  5:09  Roach  
  41  5:11  Roach  
  45  5:15  Roach  
  45  5:19  Drone  
  48  5:24  Drone  
  48  5:27  Drone  
  50  5:31  Drone  
  51  5:41  Drone  
  51  5:42  Overlord  
  52  5:59  Overlord  
  52  6:08  Hydralisk Den  
  52  6:10  Drone x2  
  53  6:19  Evolution Chamber  
  53  6:25  Queen  
  52  6:29  Metabolic Boost  
  54  6:39  Drone x5  
  59  6:42  Drone  
  59  6:46  Drone  
  61  6:51  Drone  
  61  6:52  Drone  
  63  6:58  Grooved Spines  
  63  7:08  Drone x2  
  65  7:13  Drone x2  
  67  7:16  Overlord  
  67  7:20  Drone  
  68  7:26  Overlord x2  
  68  7:42  Drone x2  
  68  7:43  Drone  
  71  7:46  Extractor  
  71  7:47  Extractor  
  71  7:49  Zerg Ground Armor Level 1  
  69  8:07  Infestation Pit  
  69  8:09  Spire  
  69  8:10  Muscular Augments  
  68  8:12  Drone  
  68  8:13  Drone  
  69  8:21  Drone  
  69  8:25  Hydralisk x3  
  76  8:30  Hydralisk  
  78  8:40  Spine Crawler  
  77  8:46  Spine Crawler  
  76  8:49  Spine Crawler  
  75  8:59  Drone x3  
  75  9:00  Drone  
  79  9:08  Hive  
  79  9:16  Overseer  
  79  9:17  Overseer  
  63  9:40  Hydralisk x4  
  63  9:41  Roach x2  
  63  9:42  Roach  
  57  9:56  Roach x4  
  57  9:57  Roach x2  
  69  10:12  Spine Crawler  
  69  10:13  Spine Crawler x2  
  66  10:17  Spine Crawler  
  66  10:18  Spine Crawler  
  66  10:19  Drone  
  66  10:20  Spine Crawler, Drone x5  
  69  10:45  Zergling x8  
Show
View Real Time Build Order
Export as new Build Order

A.I. 1 (Very Hard) Terran - Winner!

Build Orders:  

Get SALT Encoding   

  12  0:00  SCV  
  13  0:13  SCV  
  14  0:19  Supply Depot  
  14  0:25  SCV  
  15  0:41  SCV  
  16  0:44  Barracks  
  16  0:53  SCV  
  17  1:05  SCV  
  18  1:13  Refinery  
  18  1:15  Supply Depot  
  18  1:17  SCV  
  19  1:29  SCV  
  19  1:31  Marine  
  21  1:45  Command Center  
  21  2:07  Barracks  
  21  2:10  SCV  
  21  2:13  Marine  
  23  2:15  Factory  
  23  2:22  SCV  
  24  2:26  Supply Depot  
  24  2:32  Marine  
  24  2:34  SCV  
  26  2:46  SCV  
  26  2:50  Marine  
  28  2:57  Orbital Command  
  28  2:58  SCV  
  28  3:01  Factory Tech Lab  
  29  3:07  Refinery  
  29  3:15  Orbital Command  
  29  3:17  Marine  
  30  3:20  Marine  
  30  3:25  SCV  
  32  3:35  Marine  
  32  3:37  SCV  
  32  3:38  Marine  
  32  3:41  SCV  
  36  3:47  Barracks  
  36  3:49  SCV  
  36  3:53  SCV, Marine  
  39  3:56  Barracks Tech Lab  
  39  4:01  SCV  
  40  4:03  Supply Depot  
  40  4:05  SCV  
  41  4:12  Barracks Tech Lab  
  41  4:14  SCV, Marine  
  41  4:17  SCV, Stimpack  
  43  4:18  Siege Tank  
  47  4:26  SCV  
  47  4:29  SCV, Combat Shield, Marine  
  50  4:32  Marine  
  50  4:34  Marine  
  50  4:35  Supply Depot  
  50  4:38  SCV  
  53  4:41  SCV  
  54  4:48  Marauder  
  54  4:49  Marine  
  54  4:50  SCV, Siege Tank  
  54  4:52  Barracks Reactor  
  61  4:55  Refinery  
  61  4:56  SCV  
  61  4:59  Supply Depot  
  62  5:02  SCV  
  63  5:08  Marauder, SCV  
  63  5:09  Marauder  
  68  5:14  SCV  
  68  5:15  Refinery  
  68  5:20  SCV  
  70  5:24  Supply Depot  
  70  5:25  Siege Tank  
  70  5:26  SCV  
  74  5:29  Marauder  
  74  5:30  Marauder  
  78  5:45  SCV  
  78  5:46  SCV  
  78  5:47  Engineering Bay  
  78  5:49  Supply Depot  
  80  5:51  Marauder  
  80  5:52  Marauder  
  84  5:58  SCV  
  84  6:03  Engineering Bay  
  85  6:07  SCV  
  85  6:11  SCV, Siege Tank  
  90  6:12  Marauder, Barracks  
  90  6:14  Terran Infantry Weapons Level 1  
  90  6:17  Starport  
  92  6:18  Missile Turret  
  92  6:20  Supply Depot  
  92  6:22  Missile Turret  
  92  6:23  Marauder  
  94  6:28  Terran Infantry Armor Level 1, Concussive Shells  
  94  6:41  Marauder, SCV, Marine x2  
  94  6:43  Supply Depot  
  94  6:44  Marauder  
  101  6:52  Missile Turret  
  101  6:59  Command Center  
  101  7:04  Medivac  
  101  7:05  Marauder, Siege Tank  
  101  7:07  Supply Depot  
  108  7:15  Missile Turret  
  108  7:31  Supply Depot  
  108  7:34  Missile Turret  
  108  7:35  Starport Tech Lab  
  111  7:37  Siege Tank  
  111  7:51  Armory  
  111  7:54  Medivac  
  111  7:55  Supply Depot  
  113  8:09  Widow Mine  
  113  8:11  SCV x2  
  113  8:12  SCV, Refinery  
  118  8:21  Missile Turret  
  118  8:23  SCV  
  118  8:24  SCV x2, Raven  
  118  8:25  Missile Turret  
  123  8:27  Refinery  
  123  8:30  Command Center, Widow Mine, Armory  
  125  8:35  SCV  
  125  8:37  SCV x2  
  125  8:38  Terran Vehicle Weapons Level 1  
  125  8:40  Terran Infantry Weapons Level 2  
  128  8:47  SCV  
  129  8:49  SCV x2  
  129  8:52  Widow Mine  
  129  8:53  Supply Depot  
  133  8:59  SCV  
  133  9:01  SCV  
  133  9:02  SCV  
  136  9:07  Medivac  
  136  9:09  Factory  
  138  9:12  SCV  
  138  9:13  SCV, Widow Mine  
  138  9:14  SCV  
  143  9:17  Terran Vehicle And Ship Armor Level 1, Starport  
  143  9:21  Supply Depot  
  143  9:22  Marauder x2  
  143  9:24  SCV  
  148  9:27  Hi-Sec Auto Tracking, Orbital Command  
  145  9:31  Marine  
  145  9:34  Marine  
  145  9:35  Widow Mine, Marine  
  145  9:36  Raven  
  145  9:43  Marauder x2  
  146  9:46  Missile Turret  
  146  9:49  Marine  
  146  9:52  Marine  
  141  9:53  Marine  
  141  9:58  Starport Reactor, Factory Tech Lab, Missile Turret, Planetary Fortress  
  142  10:04  Marauder, Marine  
  142  10:06  Cyclone  
  142  10:07  Barracks, Marine  
  148  10:10  Marine  
  148  10:13  Barracks Tech Lab, Command Center  
  150  10:17  Cyclone, Liberator  
  150  10:19  Medivac  
  150  10:20  Rapid Reignition System  
  155  10:22  Marine  
  155  10:25  Supply Depot  
  156  10:29  Marine x2  
  156  10:31  Marine x2  
  156  10:35  Medivac  
  165  10:38  Siege Tank  
  165  10:39  Marine  
  169  10:45  Refinery  
  169  10:46  Marine  
  169  10:49  Marauder  
  172  10:50  Supply Depot  
  172  10:51  Refinery  
  172  10:52  Marine x2  
  168  10:58  Marauder  
  161  11:06  Marine  
Tags
 
Matchup
TvZ
Opening
Pool First
Spawn Locations
Cross Positions
Add a new tag
Caveats
  • Supply blocks, unpowered buildings, or Contaminate may cause inaccurate times.
  • Supply counts are checked every 10 seconds.